 Dungeon Crawl Stone Soup version 0.21.1-1-g345015f (webtiles) character file.

2730 goulibeur the Schismatic (level 9, -2/69 HPs)
             Began as a Demonspawn Abyssal Knight on June 21, 2018.
             Was an Elder of Lugonu.
             Slain by a bullfrog skeleton (4 damage)
             ... on level 6 of the Dungeon.
             The game lasted 00:30:47 (7947 turns).

goulibeur the Schismatic (DsAK)                     Turns: 7947, Time: 00:30:48

Health: -2/69      AC: 16    Str: 12    XL:     9   Next: 40%
Magic:  16/16      EV:  5    Int: 20    God:    Lugonu [****..]
Gold:   315        SH:  9    Dex: 15    Spells: 8/8 levels left

rFire    + . .     SeeInvis .   a - +1 short sword
rCold    . . .     Gourm    .   e - +0 shield
rNeg     . . .     Faith    .   J - +0 chain mail
rPois    .         Spirit   .   r - +0 helmet {Int+3}
rElec    .         Reflect  .   d - +0 cloak
rCorr    .         Harm     .   (no gloves)
MR       .....                  (no boots)
Stlth    ..........             l - amulet of rage
HPRegen  0.21/turn              h - +2 ring of intelligence
MPRegen  0.15/turn              (no ring)

@: lethally poisoned (-2 -> -9)
A: hooves 1, iridescent scales 2, fire resistance 1, spiny 1
a: Depart the Abyss, Bend Space, Banish, Corrupt, Renounce Religion, Evoke
Berserk Rage


You were on level 6 of the Dungeon.
You worshipped Lugonu.
Lugonu was greatly pleased with you.
You were hungry.

You visited 1 branch of the dungeon, and saw 6 of its levels.
You visited the Abyss 1 time.
You also visited: Ossuary.

You collected 315 gold pieces.

Inventory:

Hand Weapons
 a - a +1 short sword (weapon)
 C - a -3 flail
Armour
 b - a +0 leather armour
 d - a +0 cloak (worn)
 e - a +0 shield (worn)
 f - a +0 ring mail
 r - a +0 helmet of intelligence (worn)
 J - a +0 chain mail (worn)
Jewellery
 h - a +2 ring of intelligence (left hand)
 l - an amulet of rage (around neck)
 E - a +3 ring of intelligence
Scrolls
 i - 9 scrolls of identify
 j - 2 scrolls of fog
 k - a scroll of magic mapping
 m - 2 scrolls of remove curse
 n - 5 scrolls of fear {unknown}
 o - a scroll of enchant weapon {unknown}
 t - 2 scrolls of teleportation {unknown}
 v - a scroll of enchant armour {unknown}
 x - a scroll of amnesia {unknown}
 y - a scroll of summoning {unknown}
 A - 3 scrolls of blinking {unknown}
 B - a scroll of immolation {unknown}
Potions
 g - 2 potions of magic {unknown}
 p - 2 potions of flight {unknown}
 q - 3 potions of lignification
 s - 2 potions of brilliance {unknown}
 u - 3 potions of haste {unknown}
 w - a potion of mutation {unknown}
 z - 3 potions of heal wounds {unknown}
 D - a potion of cancellation {unknown}
 F - 2 potions of invisibility
 G - a potion of agility {unknown}
 H - a potion of degeneration {unknown}
Comestibles
 c - 13 rations
 I - 7 chunks of flesh


   Skills:
 + Level 5.7 Fighting
 - Level 1.7 Short Blades
 + Level 4.8 Armour
 + Level 4.4 Dodging
 + Level 4.1 Shields
 * Level 9.5 Invocations
 + Level 4.4 Evocations


You had 8 spell levels left.
You didn't know any spells.

Dungeon Overview and Level Annotations

Branches:
Dungeon (6/15)             Temple (0/1) D:5

Altars:
Kikubaaqudgha
Makhleb
Nemelex Xobeh

Annotations:
D:4 Edmund


Innate Abilities, Weirdness & Mutations

You have large cloven feet.
You are mostly covered in iridescent scales. (AC +4)
Your flesh is heat resistant. (rF+)
You are partially covered in sharp spines.


Message History

A bullfrog skeleton comes into view.
* * * LOW HITPOINT WARNING * * *
You feel sick.
* * * LOW HITPOINT WARNING * * *
You feel sick.
* * * LOW HITPOINT WARNING * * *
You feel sick.
* * * LOW HITPOINT WARNING * * *
You feel sick.
* * * LOW HITPOINT WARNING * * *
You feel sick.
* * * LOW HITPOINT WARNING * * *
You feel sick.
* * * LOW HITPOINT WARNING * * *
You feel sick.
* * * LOW HITPOINT WARNING * * *
You feel sick.
* * * LOW HITPOINT WARNING * * *
You feel sick. The bullfrog skeleton hits you.
You die...

#.* #g####........... *,*
#...###......#### *,*
####...≈≈≈≈≈.<....., *,##****
#####gg).#.≈###≈#......#
*,....,*##.gg).#####≈#_#g.......#
*,.....##..##### *≈#'#≈....##..
*,........##########≈≈.≈≈....#*#.
*,.......gggg..Z........,,,,,,,,,
*,.....#########@.......,,,,,,**,
*,...$,* #...........,,,,,,*,,
*,...,,* #...........,,,,,,,,,
*,##**** #....#......,,,,,,,,,
*,* #...##......,,,,,,,,, *,*
#.>.**......,,,,,,,,, *,*
#...,,,....(,,,,,,,,, *,**
####,,,.....,,,,,,,,, *,,***
**,*,,,,,,,,,,,,,,,


You could see a gnoll sergeant, 3 gnolls and a bullfrog skeleton.

Vanquished Creatures
  A two-headed ogre (D:5)
  A wraith (Ossuary)
  A hornet zombie (D:6)
  2 ice beasts
  2 sky beasts
  2 ogres
  2 centaurs
  Blork the orc (D:4)
  2 elf skeletons (D:6)
  A scorpion (D:6)
  A howler monkey (D:5)
  3 crimson imps
  2 orc wizards (D:5)
  An orc priest (D:5)
  4 hounds
  A bullfrog skeleton (D:4)
  A jelly (D:5)
  Jessica (D:2)
  4 iguanas
  2 human skeletons (D:6)
  3 worker ants
  A big kobold zombie (Ossuary)
  3 mummies (Ossuary)
  A worker ant zombie (D:6)
  5 gnolls (D:6)
  5 adders
  2 oozes
  6 worms
  A dart slug (D:3)
  5 leopard geckos
  6 orcs
  3 ball pythons
  3 giant cockroaches
  18 goblins
  12 hobgoblins
  4 jackals (D:1)
  7 kobolds
  4 quokkas
  11 bats
  8 frilled lizards
  A giant cockroach zombie (D:5)
  5 goblin zombies (Ossuary)
  3 hobgoblin zombies (Ossuary)
  2 jackal skeletons (D:5)
  2 kobold zombies (Ossuary)
  An orc skeleton (D:6)
  An orc zombie (D:6)
  8 rats
166 creatures vanquished.

Vanquished Creatures (others)
  A rat (D:2)
1 creature vanquished.

Grand Total: 167 creatures vanquished

Notes
Turn   | Place    | Note
-------+----------+-------------------------------------------
     0 | Abyss:1  | goulibeur the Demonspawn Abyssal Knight began the quest for the Orb.
     0 | Abyss:1  | Reached XP level 1. HP: 18/18 MP: 2/2
    13 | Abyss:1  | Found a corrupted altar of Lugonu.
    49 | Abyss:1  | Noticed an iron imp
    51 | D:1      | Escaped the Abyss
    96 | D:1      | Reached skill level 1 in Dodging
   408 | D:1      | Reached skill level 3 in Invocations
   408 | D:1      | Gained mutation: You are partially covered in sharp spines. [demonic ancestry]
   408 | D:1      | Reached XP level 2. HP: 15/24 MP: 2/4
   689 | D:1      | Reached * piety under Lugonu
   813 | D:1      | Gained mutation: You are partially covered in iridescent scales. (AC +2) [demonic ancestry]
   813 | D:1      | Reached XP level 3. HP: 29/29 MP: 5/5
  1546 | D:2      | Gained mutation: Your flesh is heat resistant. (rF+) [demonic ancestry]
  1546 | D:2      | Reached XP level 4. HP: 32/35 MP: 6/6
  1588 | D:2      | Found a sparkling altar of Nemelex Xobeh.
  1626 | D:2      | Reached skill level 4 in Invocations
  1866 | D:2      | Noticed Jessica
  1874 | D:2      | Killed Jessica
  1874 | D:2      | Reached ** piety under Lugonu
  1874 | D:2      | Reached skill level 1 in Shields
  2291 | D:3      | Reached XP level 5. HP: 41/41 MP: 8/8
  2954 | D:4      | Noticed Edmund
  2956 | D:4      | Found an ancient bone altar of Kikubaaqudgha.
  3138 | D:4      | Noticed an ogre
  3503 | D:4      | Reached skill level 1 in Evocations
  3628 | D:4      | Reached skill level 5 in Invocations
  3671 | D:4      | Reached XP level 6. HP: 48/48 MP: 9/9
  3733 | D:4      | Noticed Blork the orc
  3755 | D:4      | Killed Blork the orc
  4579 | D:5      | Entered Level 5 of the Dungeon
  4588 | D:5      | Noticed an ice beast
  4619 | D:5      | Killed an ice beast
  4619 | D:5      | Reached skill level 6 in Invocations
  4619 | D:5      | Reached XP level 7. HP: 28/54 MP: 11/11
  5228 | D:5      | Noticed a two-headed ogre
  5235 | D:5      | Killed a two-headed ogre
  5235 | D:5      | Reached skill level 5 in Fighting
  5235 | D:5      | Reached skill level 8 in Invocations
  5235 | D:5      | Gained mutation: You have large cloven feet. [demonic ancestry]
  5235 | D:5      | Reached XP level 8. HP: 50/62 MP: 12/14
  5598 | D:5      | Reached *** piety under Lugonu
  6101 | D:5      | Found a burning altar of Makhleb.
  6200 | D:5      | Found a staircase to the Ecumenical Temple.
  6623 | D:6      | Gained mutation: You are mostly covered in iridescent scales. (AC +4) [demonic ancestry]
  6623 | D:6      | Reached XP level 9. HP: 68/68 MP: 15/15
  6683 | D:6      | Found a sand-covered staircase.
  6712 | Ossuary  | Entered an ossuary
  7300 | Ossuary  | Reached skill level 9 in Invocations
  7801 | D:6      | Reached **** piety under Lugonu
  7946 | D:6      | HP: 3/69 [poisoned by a gnoll sergeant]
  7947 | D:6      | Slain by a bullfrog skeleton

Skill      XL: |  1  2  3  4  5  6  7  8  9 |
---------------+----------------------------+-----
Dodging        | 1 2 3 4 |  4.4
Invocations    | 3 4 5 6 8 9 |  9.5
Armour         | 2 3 4 |  4.8
Shields        | 1 2 3 4 |  4.1
Evocations     | 1 2 3 4 |  4.4
Fighting       | 4 5 |  5.7
Short Blades   | |  1.7

Action                   |  1- 3 |  4- 6 |  7- 9 || total
-------------------------+-------+-------+-------++-------
Melee: Short sword       |   138 |   211 |   390 ||   739
       Kick              |       |       |    98 ||    98
Invok: Depart the Abyss  |     1 |       |       ||     1
 Abil: Evoke Berserk Rag |       |     1 |     4 ||     5
  Use: Scroll            |       |       |     4 ||     4
  Eat: Chunk             |     2 |    11 |     4 ||    17
       Ration            |       |       |     3 ||     3
Armor: Leather armour    |    17 |       |       ||    17
       Ring mail         |    34 |    59 |   102 ||   195
       Chain mail        |       |       |    19 ||    19
Dodge: Dodged            |    55 |    56 |    90 ||   201
Block: Shield            |    26 |    59 |   149 ||   234
